 Dungeon Crawl Stone Soup version 0.19.0-19-g8c6edcc (webtiles) character file.

30 Leibowitz the Stinger (level 3, -1/28 HPs)
             Began as a Naga Venom Mage on Nov 13, 2016.
             Slain by an adder (5 damage)
             ... on level 2 of the Dungeon.
             The game lasted 00:04:26 (1440 turns).

Leibowitz the Stinger (Naga Venom Mage)             Turns: 1440, Time: 00:04:26

Health: -1/28      AC:  2    Str: 10    XL:     3   Next: 20%
Magic:  6/6        EV: 10    Int: 20    God:
Gold:   49         SH:  0    Dex: 12    Spells: 2 memorised, 2 levels left

rFire  . . .     SeeInvis +     a - +0 dagger
rCold  . . .     Gourm    .     h - +0 robe
rNeg   . . .     Faith    .     (no shield)
rPois  +         Spirit   .     (no helmet)
rElec  .         Reflect  .     (no cloak)
rCorr  .         Harm     .     (no gloves)
MR     .....                    (no barding)
Stlth  ++........               (no amulet)
                                (no ring)
                                j - ring of poison resistance

@: brilliant, lethally poisoned (-1 -> -7), flying, very slow
A: see invisible, deformed body, poison resistance, slowness 2, slow metabolism
1, spit poison 1, AC +1
a: Spit Poison


You were on level 2 of the Dungeon.
You were not hungry.

You visited 1 branch of the dungeon, and saw 2 of its levels.

You collected 49 gold pieces.

Inventory:

Hand Weapons
 a - a +0 dagger (weapon)
Armour
 h - a +0 robe (worn)
Jewellery
 j - a ring of poison resistance (left hand)
Scrolls
 d - 2 scrolls of amnesia {unknown}
 e - a scroll of fog {unknown}
 i - a scroll of fear {unknown}
 m - a scroll of noise {unknown}
 p - a scroll of enchant armour {unknown}
Potions
 k - a potion of haste
Books
 b - a Young Poisoner's Handbook

   Spells                             Type                      Level
   a - Sting                          Conjuration/Poison           1
   b - Mephitic Cloud                 Conjuration/Poison/Air       3
   c - Olgreb's Toxic Radiance        Poison                       4
   d - Alistair's Intoxication        Transmutation/Poison         5
   e - Venom Bolt                     Conjuration/Poison           5
Comestibles
 c - a bread ration
 f - a beef jerky
 g - a royal jelly
 l - 3 fruits
 o - a meat ration


   Skills:
 + Level 1.6 Dodging
 + Level 3.3 Stealth
 + Level 0.2 Unarmed Combat
 + Level 2.1 Spellcasting
 + Level 0.2 Conjurations
 + Level 6.2 Poison Magic


You had 2 spell levels left.
You knew the following spells:

 Your Spells              Type           Power        Failure   Level  Hunger
a - Sting                 Conj/Pois      ####         1%          1    #......
b - Mephitic Cloud        Conj/Pois/Air  ###.....     2%          3    ###....


Dungeon Overview and Level Annotations

Branches:
Dungeon (2/15)

Altars:

Annotations:
D:2 Natasha, Sigmund


Innate Abilities, Weirdness & Mutations

You cannot wear boots.
Your serpentine skin is tough. (AC +1)
You have supernaturally acute eyesight. (SInv)
Armour fits poorly on your strangely shaped body.
Your system is resistant to poisons. (rPois)
You cover ground very slowly.
You have a slow metabolism.
You can spit poison.


Message History

You feel sick.
The frilled lizard bites you but does no damage.
The adder bites you.
You are more poisoned.
The adder poisons you!
You feel sick. The adder bites you but does no damage.
You hit the adder but do no damage.
The adder is almost dead.
The adder bites you.
* * * LOW HITPOINT WARNING * * *
It was a potion of brilliance.
You feel clever all of a sudden.
* * * LOW HITPOINT WARNING * * *
You feel sick. The adder barely misses you. The adder bites you.
* * * LOW HITPOINT WARNING * * *
Unknown command.
It was a potion of flight.
You feel very buoyant.
You fly up into the air.
The adder bites you.
You die...

....?.. ###.#...%
....... ## ###.... ...
.....###
#..###.#...###
##.h..........#####
..............@Sl.#
..####.##....##......#
....##.##.......####..
#.........#####
####......#
..........######♣♣
......##....#...[.♣
.............#...♣.♣
.......#.......♣♣♣♣♣ ♣


You could see an adder and a frilled lizard.

Vanquished Creatures
  2 oozes (D:1)
  A bat (D:1)
  5 goblins (D:1)
  4 hobgoblins (D:1)
  2 frilled lizards (D:1)
  5 kobolds (D:1)
  A rat (D:2)
20 creatures vanquished.

Notes
Turn   | Place    | Note
-------+----------+-------------------------------------------
     0 | D:1      | Leibowitz the Naga Venom Mage began the quest for the Orb.
     0 | D:1      | Reached XP level 1. HP: 15/15 MP: 3/3
   302 | D:1      | Reached XP level 2. HP: 11/22 MP: 0/5
   616 | D:1      | Reached skill level 6 in Poison Magic
   638 | D:1      | Reached XP level 3. HP: 6/28 MP: 2/6
  1285 | D:2      | Noticed Sigmund
  1296 | D:2      | Learned a level 3 spell: Mephitic Cloud
  1412 | D:2      | Noticed Natasha
  1440 | D:2      | Slain by an adder

Skill      XL: |  1  2 |
---------------+-------+-----
Poison Magic   | 6 |  6.2
Dodging        | |  1.6
Stealth        | |  3.3
Unarmed Combat | |  0.2
Spellcasting   | |  2.1
Conjurations   | |  0.2

Action                   || total
-------------------------++-------
Melee: Unarmed           ||     9
       Dagger            ||    44
 Cast: Sting             ||    22
  Use: Potion            ||     4
 Stab: Sleeping          ||     1
  Eat: Chunk             ||     1
Armor: Robe              ||    16
       Skin              ||     5
Dodge: Dodged            ||    40
